 Dungeon Crawl Stone Soup version 0.23-a0-644-gb60d84b (webtiles) character file.

326 Amnesiac the Ducker (level 6, 0/32 HPs)
             Began as a Spriggan Berserker on Jan 1, 2019.
             Was a Priest of Trog.
             Slain by an elf zombie (7 damage)
             ... in an ossuary.
             The game lasted 00:06:29 (2922 turns).

Amnesiac the Ducker (Spriggan Berserker)            Turns: 2922, Time: 00:06:31

Health: 0/32       AC:  2    Str: 14    XL:     6   Next: 24%
Magic:  7/7        EV: 22    Int:  9    God:    Trog [***...]
Gold:   147        SH:  4    Dex: 16    Spells: 5/5 levels left

rFire    . . .     SeeInvis +   a - +0 falchion
rCold    . . .     Gourm    .   (shield restricted)
rNeg     . . .     Faith    .   b - +0 animal skin
rPois    .         Spirit   .   (helmet restricted)
rElec    .         Reflect  +   (no cloak)
rCorr    .         Harm     .   (gloves unavailable)
MR       +....                  (boots unavailable)
Stlth    +.........             t - +4 amulet of reflection
HPRegen  0.10/turn              (no ring)
MPRegen  0.10/turn              (no ring)

@: berserk cooldown, slowed, quick
A: very small, unfitting armour, see invisible, herbivore, speed 3, slow
metabolism 2
a: Berserk, Trog's Hand, Renounce Religion


You were in an ossuary.
You worshipped Trog.
Trog was most pleased with you.
You were very full.

You visited 1 branch of the dungeon, and saw 4 of its levels.
You also visited: Ossuary.

You collected 147 gold pieces.

Inventory:

Hand Weapons
 a - a +0 falchion (weapon)
Armour
 b - a +0 animal skin (worn)
Jewellery
 t - a +4 amulet of reflection (around neck)
Wands
 v - a wand of iceblast (6)
Scrolls
 i - 3 scrolls of random uselessness {!r, unknown}
 j - 2 scrolls of enchant weapon {!r, unknown}
 l - a scroll of immolation {!r}
 m - 2 scrolls of blinking {!r, unknown}
 o - 3 scrolls of magic mapping {!r, unknown}
 p - a scroll of remove curse {!r, unknown}
 r - a scroll of fear {!r, unknown}
 u - 2 scrolls of fog {!r, unknown}
 w - 2 scrolls of enchant armour {!r, unknown}
 x - 6 scrolls of identify {!r}
 y - 2 scrolls of amnesia {!r, unknown}
 B - a scroll of teleportation {!r, unknown}
Potions
 c - 2 potions of brilliance {!q}
 d - a potion of degeneration {!q, unknown}
 e - a potion of berserk rage {!q, unknown}
 f - a potion of heal wounds {!q}
 g - 2 potions of magic {!q, unknown}
 h - 4 potions of agility {!q, unknown}
 k - 2 potions of haste {!q, unknown}
 q - a potion of curing {!q, unknown}
 s - a potion of lignification {!q, unknown}
 z - a potion of resistance {!q, unknown}
 A - 2 potions of mutation {!q, unknown}
Comestibles
 n - a ration


   Skills:
 - Level 3.0 Fighting
 * Level 4.7 Long Blades
 + Level 6.7 Dodging


You had 5 spell levels left.
You didn't know any spells.
Your spell library was empty.

Dungeon Overview and Level Annotations

Branches:
Dungeon (4/15)
 Temple: D:4-7

Altars:


Innate Abilities, Weirdness & Mutations

You are very small and have problems with some larger weapons.
You are too small for most types of armour.
You have supernaturally acute eyesight. (SInv)
You are a herbivore.
You cover ground extremely quickly.
You need to consume almost no food.


Message History

You feel stronger. The elf zombie barely misses you. The elf zombie misses you.
You slash the elf zombie!
The elf zombie is moderately damaged.
You hit the elf zombie.
The elf zombie is moderately damaged.
The elf zombie closely misses you. The elf zombie barely misses you.
You hit the elf zombie.
The elf zombie is moderately damaged.
You slash the elf zombie!
The elf zombie is heavily damaged.
The elf zombie completely misses you.
You riposte.
You hit the elf zombie.
The elf zombie is moderately damaged.
The elf zombie completely misses you.
You slash the elf zombie!
The elf zombie is severely damaged.
You closely miss the elf zombie.
The elf zombie is severely damaged.
The elf zombie completely misses you. The elf zombie barely misses you.
You hit the elf zombie.
The elf zombie is severely damaged.
You barely miss the elf zombie.
The elf zombie is severely damaged.
The elf zombie closely misses you.
You riposte.
You barely miss the elf zombie.
The elf zombie is moderately damaged.
The elf zombie completely misses you.
You riposte.
You slash the elf zombie!
The elf zombie is almost destroyed.
You barely miss the elf zombie.
The elf zombie is almost destroyed.
You are no longer berserk.
You are exhausted.
You feel yourself slow down. The elf zombie closely misses you.
You hit the elf zombie but do no damage.
The elf zombie is almost destroyed.
You block the elf zombie's attack. x2; The elf zombie hits you.
* * * LOW HITPOINT WARNING * * *
You are too injured to fight recklessly!
You are too injured to fight recklessly!
You are too injured to fight recklessly!
You are too injured to fight recklessly!
You are too injured to fight recklessly!
You are too injured to fight recklessly!
You are too injured to fight recklessly!
You are too injured to fight recklessly!
You are too injured to fight recklessly!
You are too injured to fight recklessly!
You are too injured to fight recklessly!
You are too injured to fight recklessly!
You are too injured to fight recklessly!
You are too injured to fight recklessly!
You are too injured to fight recklessly!
You are too injured to fight recklessly!
You are too injured to fight recklessly!
You are too injured to fight recklessly!
You are too injured to fight recklessly!
You are too injured to fight recklessly!
You are too injured to fight recklessly!
You closely miss the elf zombie.
The elf zombie is almost destroyed.
The elf zombie misses you. The elf zombie completely misses you.
You barely miss the elf zombie.
The elf zombie is almost destroyed.
The elf zombie hits you!
You die...

##.....## ###.###
#'# ###.### ####
##.....## ##...##
#.......# #.....#
##...∩...###.....##
+...∩∩∩...'..Z....#
##...∩...###@Z...##
#.......# #.....#
##.....## ##...##
###.### #### #+#


You could see 2 elf zombies.

Vanquished Creatures
  An elf zombie (Ossuary)
  A centaur zombie (Ossuary)
  Jessica (D:2)
  A worker ant (D:4)
  A mummy (Ossuary)
  8 adders
  2 oozes (D:2)
  2 worms (D:2)
  2 dart slugs (D:1)
  4 leopard geckos
  2 orcs (D:3)
  3 giant cockroaches
  9 goblins
  4 hobgoblins
  5 jackals (D:2)
  3 quokkas (D:2)
  2 ball pythons
  8 bats
  4 frilled lizards
  10 kobolds
  7 rats
80 creatures vanquished.

Notes
Turn   | Place    | Note
-------+----------+-------------------------------------------
     0 | D:1      | Amnesiac the Spriggan Berserker began the quest for the
                  | Orb.
     0 | D:1      | Reached XP level 1. HP: 11/11 MP: 2/2
    90 | D:1      | Reached XP level 2. HP: 8/16 MP: 3/3
   401 | D:1      | Reached ** piety under Trog
   665 | D:2      | Found a faded altar of an unknown god.
   674 | D:2      | Reached XP level 3. HP: 13/19 MP: 4/4
   694 | D:2      | Reached skill level 5 in Dodging
   849 | D:2      | Reached XP level 4. HP: 8/23 MP: 5/5
  1076 | D:2      | Noticed Jessica
  1080 | D:2      | Killed Jessica
  1664 | D:3      | Reached XP level 5. HP: 28/28 MP: 6/6
  1925 | D:3      | Reached skill level 6 in Dodging
  2295 | D:3      | Reached *** piety under Trog
  2775 | D:4      | Found Muiluma's Distillery.
  2818 | D:4      | Found a sand-covered staircase.
  2822 | Ossuary  | Entered an ossuary
  2910 | Ossuary  | Reached XP level 6. HP: 18/32 MP: 7/7
  2922 | Ossuary  | Slain by an elf zombie

Vault maps used:
D:1:      elethiomel_arrival_quiet, chequers_serial_rivers_micro_e
D:2:      first_ration, chequers_ecumenical_altar_island,
          kennysheep_generic_room_6, uniq_jessica
D:4:      minmay_skewed_foursquare, lemuel_round_altar,
          nicolae_ossuary_entry_plus, serial_shops, shop, uniq_edmund
Ossuary:  ossuary_minmay_four_chambers

Skill      XL: |  1  2  3  4  5 |
---------------+----------------+-----
Long Blades    | 3 4 |  4.7
Dodging        | 5 6 |  6.7
Fighting       | 3 |  3.0

Action                   |  1- 3 |  4- 6 || total
-------------------------+-------+-------++-------
Melee: Falchion          |   102 |   139 ||   241
Invok: Berserk           |     1 |     2 ||     3
       Trog's Hand       |       |     1 ||     1
  Use: Scroll            |       |     1 ||     1
       Potion            |       |     2 ||     2
 Stab: Sleeping          |     2 |     7 ||     9
       Distracted        |     1 |       ||     1
  Eat: Ration            |       |     6 ||     6
Armor: Animal skin       |    10 |     4 ||    14
Dodge: Dodged            |   105 |   143 ||   248
Block: Other             |       |     9 ||     9
       Rpst.: Falchion   |    40 |    48 ||    88

Table legend:
 A = Non-vault XP
 B = Vault XP
 C = Vault XP percentage of total XP
 D = Non-vault monster count
 E = Vault monster count
 F = Vault count percentage of total count
                 A         B        C        D         E       F
            +---------+---------+-------+---------+---------+-------
      Total |     269 |     197 |  42.3 |      73 |       7 |   8.8
            +---------+---------+-------+---------+---------+-------
        D:1 |      38 |       0 |   0.0 |      22 |       0 |   0.0
        D:2 |     117 |      40 |  25.5 |      32 |       3 |   8.6
        D:3 |      66 |       0 |   0.0 |      15 |       0 |   0.0
        D:4 |      48 |       2 |   4.0 |       4 |       1 |  20.0
    Ossuary |       0 |     155 | 100.0 |       0 |       3 | 100.0
            +---------+---------+-------+---------+---------+-------
